 Dungeon Crawl Stone Soup version 0.22-a0-612-gd2f0174 (webtiles) character file.

871 Supahsalami the Distorting Demonspawn (level 7, -1/55 HPs)
             Began as a Demonspawn Abyssal Knight on July 11, 2018.
             Was a Believer of Lugonu.
             Slain by Dowan
             ... wielding a +4 dagger of speed
              (2 damage)
             ... on level 5 of the Dungeon.
             The game lasted 00:18:15 (5335 turns).

Supahsalami the Distorting Demonspawn (DsAK)        Turns: 5335, Time: 00:18:16

Health: -1/55      AC:  9    Str: 10    XL:     7   Next: 73%
Magic:  11/11      EV:  8    Int: 14    God:    Lugonu [**....]
Gold:   174        SH:  0    Dex: 16    Spells: 6/6 levels left

rFire    . . .     SeeInvis .   a - +2 hand axe
rCold    . . .     Gourm    .   (no shield)
rNeg     . . .     Faith    .   e - +2 scale mail of Impatience {+Inv Str-4 Dex+4}
rPois    .         Spirit   .   (no helmet)
rElec    .         Reflect  .   (no cloak)
rCorr    .         Harm     .   (no gloves)
MR       .....                  (no boots)
Stlth    ..........             r - amulet of inaccuracy (curse)
HPRegen  0.18/turn              (no ring)
MPRegen  0.12/turn              (no ring)

@: no status effects
A: hooves 1, spiny 1
a: Depart the Abyss, Bend Space, Renounce Religion, Evoke Invisibility


You were on level 5 of the Dungeon.
You worshipped Lugonu.
Lugonu was pleased with you.
You were hungry.

You visited 2 branches of the dungeon, and saw 6 of its levels.
You visited the Abyss 1 time.

You collected 174 gold pieces.

Inventory:

Hand Weapons
 a - a +2 hand axe (weapon)
 w - a +2 quarterstaff of chaos
 x - a -3 mace of protection
 C - a +1 short sword of speed
Armour
 b - a +0 leather armour
 e - the +2 scale mail of Impatience (worn) {+Inv Str-4 Dex+4}
   (You found it on level 4 of the Dungeon)

   It affects your strength (-4).
   It affects your dexterity (+4).
   It lets you turn invisible.
 m - a +0 scale mail
Jewellery
 g - the ring of Sorot {Fire +Fly Stlth+, unknown}
   (You found it on level 2 of the Abyss)

   [ring of fire]

   It enhances your fire magic.
   It protects you from fire.
   It makes you vulnerable to cold.
   It lets you fly.
   It makes you more stealthy.
 r - a cursed amulet of inaccuracy (around neck)
 u - a +2 ring of protection {unknown}
Wands
 y - a wand of enslavement (6)
Scrolls
 d - a scroll of teleportation
 i - a scroll of summoning {unknown}
 j - a scroll of silence {unknown}
 l - a scroll of enchant weapon
 s - 2 scrolls of enchant armour {unknown}
 t - a scroll of remove curse {unknown}
 v - a scroll of fear
 z - a scroll of magic mapping {unknown}
 D - a scroll of identify
Potions
 f - 3 potions of mutation
 k - a potion of agility {unknown}
 o - 2 potions of haste
 p - 2 potions of cancellation {unknown}
 q - a potion of magic {unknown}
 A - a potion of degeneration {unknown}
 B - a potion of might {unknown}
Miscellaneous
 h - a fan of gales (inert)
Comestibles
 c - 9 rations


   Skills:
 + Level 4.8 Fighting
 * Level 5.4 Axes
 + Level 3.9 Armour
 - Level 0.8 Dodging
 + Level 5.5 Invocations


You had 6 spell levels left.
You didn't know any spells.
Your spell library was empty.

Dungeon Overview and Level Annotations

Branches:
Dungeon (5/15)             Temple (1/1) D:4

Altars:
Dithmenos
Elyvilon
Fedhas
Gozag
Hepliaklqana
Kikubaaqudgha
Makhleb
Nemelex Xobeh
Okawaru
Qazlal
Sif Muna
Trog
Wu Jian
Yredelemnul
Zin
The Shining One

Annotations:
D:5 Dowan


Innate Abilities, Weirdness & Mutations

You have large cloven feet.
You are partially covered in sharp spines.


Message History

Deactivating autopickup; reactivate with Ctrl-A.
You hit something. Something hits you but does no damage. Something hits you.
You miss something.
You hear some strange, mumbled words.
A stone arrow appears from out of thin air!
The stone arrow hits you! Something hits you but does no damage.
You closely miss something. Your kick misses something. Something hits you.
* * * LOW HITPOINT WARNING * * *
Something hits you but does no damage.
You miss something. Something hits you but does no damage.
You hear some strange, mumbled words.
A stone arrow appears from out of thin air!
The stone arrow hits you!
* * * LOW HITPOINT WARNING * * *
You see here a leather armour.
As you read the scroll of fog, it crumbles to dust.
The scroll dissolves into smoke.
A fierce wind blows from the fan.
Something hits you.
You die...

#####.#.#
#.......#
#.......###.#
#...........#
#§#########
#§#........
#.#.########.#
####.#§.........#
#§§.@[.§.########
#§§.§.§§§........
#§§.§.§§.########
.......§§§.§....#
###......§.####.#
#......<....#
###########.# #


There were no monsters in sight!

Vanquished Creatures
  Duvessa (D:5)
  A phantom (D:4)
  5 scorpions (D:4)
  A howler monkey (D:3)
  4 hounds
  Crazy Yiuf (D:2)
  Jessica (D:2)
  3 worker ants (D:3)
  7 adders
  An ooze (D:1)
  An adder skeleton (D:4)
  A worm (D:3)
  2 dart slugs
  4 leopard geckos
  3 orcs (D:4)
  19 bats
  6 giant cockroaches
  9 goblins
  4 hobgoblins
  5 kobolds
  A quokka (D:4)
  A ball python (D:1)
  6 frilled lizards
  6 rats
  A fungus (D:4)
94 creatures vanquished.

Vanquished Creatures (others)
  10 fungi (D:4)
10 creatures vanquished.

Grand Total: 104 creatures vanquished

Notes
Turn   | Place    | Note
-------+----------+-------------------------------------------
     0 | Abyss:1  | Supahsalami the Demonspawn Abyssal Knight began the quest for the Orb.
     0 | Abyss:1  | Reached XP level 1. HP: 18/18 MP: 2/2
    37 | Abyss:2  | Got a twitching lead ring
    90 | Abyss:2  | Noticed a large abomination
    90 | D:1      | Escaped the Abyss
   813 | D:1      | Gained mutation: You are partially covered in sharp spines. [demonic ancestry]
   813 | D:1      | Reached XP level 2. HP: 24/24 MP: 4/4
  1058 | D:2      | Reached * piety under Lugonu
  1189 | D:2      | Gained mutation: You have large cloven feet. [demonic ancestry]
  1189 | D:2      | Reached XP level 3. HP: 21/29 MP: 5/5
  1350 | D:2      | Found a runed door.
  1513 | D:2      | Found a burning altar of Makhleb.
  1520 | D:2      | Reached XP level 4. HP: 28/35 MP: 6/6
  1636 | D:2      | Noticed Jessica
  1652 | D:2      | Killed Jessica
  1855 | D:2      | Noticed Crazy Yiuf
  1865 | D:2      | Killed Crazy Yiuf
  2426 | D:3      | Reached XP level 5. HP: 41/42 MP: 7/7
  2576 | D:3      | Found an ancient bone altar of Kikubaaqudgha.
  3063 | D:4      | Found a staircase to the Ecumenical Temple.
  3277 | D:4      | Noticed a phantom
  3281 | D:4      | Noticed an ogre
  3383 | D:4      | Reached XP level 6. HP: 36/48 MP: 9/9
  3396 | D:3      | Reached ** piety under Lugonu
  3728 | D:4      | Reached XP level 7. HP: 11/55 MP: 10/10
  3978 | D:4      | Got a faintly glowing scale mail
  3993 | D:4      | Identified the +2 scale mail of Impatience {+Inv Str-4 Dex+4} (You found it on level 4 of the Dungeon)
  4006 | D:4      | Found a white marble altar of Elyvilon.
  4007 | D:4      | Found a sparkling altar of Nemelex Xobeh.
  4007 | D:4      | Found a hazy altar of Hepliaklqana.
  4008 | D:4      | Found a glowing silver altar of Zin.
  4069 | D:4      | Reached skill level 5 in Invocations
  4260 | D:4      | Reached skill level 5 in Axes
  4560 | Temple   | Entered the Ecumenical Temple
  5201 | D:5      | Entered Level 5 of the Dungeon
  5305 | D:5      | Noticed Duvessa
  5322 | D:5      | Killed Duvessa
  5323 | D:5      | Noticed Dowan
  5331 | D:5      | HP: 1/55 [something/stone arrow (14)]
  5335 | D:5      | Slain by Dowan

Vault maps used:
D:1:      roderic_chinese_lattice_arrival
D:2:      makhleb_blood_cavern_becter, uniq_crazy_yiuf_cottage, uniq_jessica
D:3:      lemuel_doored_altar
D:4:      old_forge, chequers_temple_overflow_statue_of_worship,
          minmay_temple_entry_glass, first_ration, minmay_misc_feat_four_crosses
D:5:      uniq_duvessa, uniq_prince_ribbit1
Temple:   dpeg_chambers_temple

Skill      XL: |  1  2  3  4  5  6  7 |
---------------+----------------------+-----
Axes           | 2 3 4 5 |  5.4
Armour         | 2 3 |  3.9
Invocations    | 3 4 5 |  5.5
Fighting       | 4 |  4.8
Dodging        | |  0.8

Action                   |  1- 3 |  4- 6 |  7- 9 || total
-------------------------+-------+-------+-------++-------
Melee: Hand axe          |    63 |   112 |    62 ||   237
       Kick              |       |    18 |    15 ||    33
Throw: Tomahawk          |     2 |       |       ||     2
Invok: Depart the Abyss  |     1 |       |       ||     1
Evoke: Fan of gales      |     1 |       |     1 ||     2
  Use: Scroll            |     2 |     2 |     3 ||     7
       Potion            |       |     1 |       ||     1
  Eat: Chunk             |     2 |     7 |     4 ||    13
Armor: Scale mail        |    27 |    41 |    37 ||   105
Dodge: Dodged            |    34 |    60 |    30 ||   124

Table legend:
 A = Spawn XP
 B = Non-spawn XP
 C = Spawn XP percentage of total XP
 D = Spawn monster count
 E = Non-spawn monster count
 F = Spawn count percentage of total count
 G = Total turns spent on level
                    A         B        C        D         E        F      G
               +---------+---------+-------+---------+---------+-------+---------
         Total |       0 |    1245 |   0.0 |       0 |      93 |   0.0 |  5335
               +---------+---------+-------+---------+---------+-------+---------
           D:1 |       0 |      24 |   0.0 |       0 |      12 |   0.0 |  1008
           D:2 |       0 |     159 |   0.0 |       0 |      21 |   0.0 |  1083
           D:3 |       0 |     221 |   0.0 |       0 |      25 |   0.0 |  1649
           D:4 |       0 |     678 |   0.0 |       0 |      33 |   0.0 |  1234
           D:5 |       0 |     163 |   0.0 |       0 |       2 |   0.0 |    51
               +---------+---------+-------+---------+---------+-------+---------
